 Dungeon Crawl Stone Soup version 0.18-a0-1523-gbe15c29 (webtiles) character file.

106 Ijustatesigmund the Insei (level 4, -1/31 HPs)
             Began as an Octopode Transmuter on Mar 7, 2016.
             Slain by a gnoll
             ... wielding a +0 spear
              (7 damage)
             ... on level 2 of the Dungeon.
             The game lasted 00:07:11 (3138 turns).

Ijustatesigmund the Insei (Octopode Transmuter)     Turns: 3138, Time: 00:07:11

Health: -1/31      AC:  1    Str:  9    XL:     4   Next: 84%
Magic:  1/7        EV: 12    Int: 16    God:
Gold:   101        SH:  0    Dex: 12    Spells: 3 memorised, 1 level left

rFire  . . .     SeeInvis .       - Unarmed
rCold  . . .     Gourm    .     (no shield)
rNeg   . . .     Faith    .     (helmet restricted)
rPois  .         Spirit   .     i - amulet of magic regeneration
rElec  .         Dismiss  .     (no ring)
rCorr  .         Reflect  .     (no ring)
SustAt .         Harm     .     (no ring)
MR     .....                    (no ring)
Stlth  +++.......               (no ring)
                                (no ring)
                                (no ring)
                                (no ring)

@: very slightly contaminated, not resistant to hostile enchantments, fairly
stealthy
A: almost no armour, amphibious, 8 rings, constrict 8, camouflage 1, gelatinous
body 1
a: no special abilities


You were on level 2 of the Dungeon.
You were not hungry.

You visited 1 branch of the dungeon, and saw 3 of its levels.

You collected 101 gold pieces.

Inventory:

Missiles
 a - 12 arrows
 j - 5 tomahawks (quivered)
Jewellery
 i - an amulet of magic regeneration (around mantle)
Scrolls
 f - a scroll of amnesia
Potions
 e - 2 potions of curing
 h - 2 potions of ambrosia
 k - a potion of heal wounds {unknown}
Books
 b - a book of Changes

   Spells                             Type                      Level
   a - Beastly Appendage              Transmutation                1
   b - Sticks to Snakes               Transmutation                2
   c - Spider Form                    Transmutation/Poison         3
   d - Ice Form                       Ice/Transmutation            4
   e - Blade Hands                    Transmutation                5
Comestibles
 c - 3 bread rations
 d - a meat ration
 g - 2 slices of pizza


   Skills:
 + Level 3.3 Fighting
 - Level 2.0 Dodging
 + Level 0.8 Stealth
 + Level 3.9 Unarmed Combat
 - Level 2.0 Spellcasting
 - Level 2.0 Transmutations
 + Level 1.2 Poison Magic


You had one spell level left.
You knew the following spells:

 Your Spells              Type           Power        Failure   Level  Hunger
a - Beastly Appendage     Trmt           #.....       10%         1    #......
b - Sticks to Snakes      Trmt           #.......     14%         2    ###....
c - Spider Form           Trmt/Pois      #.........   34%         3    ###....


Dungeon Overview and Level Annotations

Branches:
Dungeon (3/15)

Altars:

Annotations:
D:2 Sigmund


Innate Abilities, Weirdness & Mutations

You cannot wear most types of armour.
You are amphibious.
You can wear up to eight rings at the same time.
You can use your tentacles to constrict eight enemies at once.
Your skin changes colour to match your surroundings (Stealth).
Your rubbery body absorbs attacks (AC +1).


Message History

No target in view!
There is a stone staircase leading down here.
You climb downwards.
The gnoll hits you with a spear. The orc closely misses you.
The gnoll hits you with a spear.
There is a stone staircase leading up, spattered with blood here.
The orc hits you with a club. The gnoll hits you with a spear.
You climb upwards.
Level annotation: Sigmund
There is a stone staircase leading down here.
Cast which spell? (? or * to list)
You miscast Spider Form.
You are very lightly contaminated with residual magic.
Your skin tingles.
The orc hits you with a club. The gnoll hits you with a spear.
* * * LOW HITPOINT WARNING * * *
Casting: Spider Form
Confirm with . or Enter, or press ? or * to list all spells.
You miscast Spider Form.
You feel faint for a moment. The orc closely misses you.
The gnoll hits you with a spear!
You die...

####'###.# # #.......#
#.###......# #..........# #.
.## #......##### #.###..#
#####.## ##.#...#. ##.##
##<.#.#..# #o..# #.......#
#@..######......#
#g.........#....#
#####....####.#.#...#
#..###............###.#..##
..................## ##.....
....###............###.##.##
.# ###.......###.#.###.#
#.#..........## #[#
#.#...#.###### #.#


You could see a gnoll and an orc.

Vanquished Creatures
  2 gnolls (D:3)
  4 adders
  A worm (D:2)
  A giant gecko (D:3)
  6 bats (D:1)
  11 goblins
  7 hobgoblins
  2 quokkas (D:3)
  2 giant newts
  6 kobolds
  3 rats (D:2)
45 creatures vanquished.

Notes
Turn   | Place    | Note
--------------------------------------------------------------
     0 | D:1      | Ijustatesigmund the Octopode Transmuter began the quest for the Orb.
     0 | D:1      | Reached XP level 1. HP: 13/13 MP: 3/3
   506 | D:1      | Reached XP level 2. HP: 19/19 MP: 5/5
   510 | D:1      | Learned a level 2 spell: Sticks to Snakes
  1758 | D:1      | Reached XP level 3. HP: 25/25 MP: 6/6
  2200 | D:2      | Noticed Sigmund
  2479 | D:3      | Learned a level 3 spell: Spider Form
  2510 | D:3      | Reached XP level 4. HP: 26/31 MP: 7/7
  2761 | D:3      | Reached skill level 1 in Poison Magic
  2892 | D:2      | Upgraded the game from 0.18-a0-1521-g59d19af to 0.18-a0-1523-gbe15c29
  3138 | D:2      | Slain by a gnoll

Vault maps used:
D:1:      minmay_arrival_three_doors
D:2:      kennysheep_potato, uniq_sigmund
D:3:      nicolae_overflow_hidden_temple, hangedman_glass_teeth,
          minmay_splitting_lines, minmay_misc_feat_iff, uniq_terence,
          uniq_crazy_yiuf_cottage

Skill      XL: |  1  2  3  4 |
---------------+-------------+-----
Fighting       | 2 3 |  3.3
Poison Magic   | 1 |  1.2
Dodging        | |  2.0
Stealth        | |  0.8
Unarmed Combat | |  3.9
Spellcasting   | |  2.0
Transmutations | |  2.0

Action                   |  1- 3 |  4- 6 || total
-------------------------+-------+-------++-------
Melee: Unarmed           |    84 |    27 ||   111
 Cast: Beastly Appendage |     1 |     1 ||     2
       Spider Form       |       |     1 ||     1
  Use: Scroll            |     7 |       ||     7
 Stab: Sleeping          |     3 |       ||     3
  Eat: Chunk             |     5 |     2 ||     7
